 Dungeon Crawl Stone Soup version 0.31-a0-851-g7ff8af7 (webtiles) character file.

Game seed: 9448167533956020193

57 Meow the Conjurer (level 4, 36/36 HPs)
             Began as a Naga Conjurer on Oct 7, 2023.
             Quit the game on level 2 of the Dungeon.
             The game lasted 00:04:09 (1387 turns).

Meow the Conjurer (Naga Conjurer)                   Turns: 1387, Time: 00:04:09

Health: 36/36      AC:  2    Str: 10    XL:     4   Next: 0%
Magic:  5/8        EV:  9    Int: 20    God:
Gold:   65         SH:  0    Dex:  9    Spells: 6/9 levels left

rFire   . . .        a - +0 club
rCold   . . .        (no shield)
rNeg    . . .        e - +0 robe
rPois   +            (no helmet)
rElec   .            (no cloak)
rCorr   .            (no gloves)
SInv    +            (no barding)
Will    .....        (no amulet)
Stlth   ++           (no ring)
HPRegen 0.26/turn    (no ring)
MPRegen 0.11/turn

%: no passive effects
@: short of breath, very slow
A: AC +1, large, see invisible, deformed body, poison resistance, slowness 2,
spit poison 1, naga tail 1
a: Spit Poison


You were on level 2 of the Dungeon.
You visited 1 branch of the dungeon, and saw 2 of its levels.

You collected 65 gold pieces.

Inventory:

Hand Weapons
 a - a +0 club (weapon)
Missiles
 c - 15 stones
Armour
 e - a +0 robe (worn)
Scrolls
 d - 3 scrolls of immolation {unknown}
 f - a scroll of identify {unknown}
Potions
 b - a potion of magic


   Skills:
 - Level 1.5 Dodging
 - Level 3.0 Stealth
 + Level 3.1 Spellcasting
 + Level 4.7 Conjurations


You had 6 spell levels left.
You knew the following spells:

 Your Spells              Type           Power      Damage    Failure   Level
a - Magic Dart            Conj           88%        1d7       1%          1
b - Searing Ray           Conj           44%        2d6       3%          2

Your spell library contained the following spells:

 Spells                   Type           Power      Damage    Failure   Level
 Dazzling Flash           Conj/Hex       24%        N/A       16%         3
 Fulminant Prism          Conj/Hex       6%         3d7       47%         4
 Iskenderun's Mystic Bla  Conj/Tloc      12%        2d5       47%         4


Dungeon Overview and Level Annotations

Branches:
Dungeon (2/15)

Altars:
Fedhas


Innate Abilities, Weirdness & Mutations

Your serpentine skin is tough. (AC +1)
You have supernaturally acute eyesight. (SInv)
Armour fits poorly on your strangely shaped body.
Your system is resistant to poisons. (rPois)
You cover ground very slowly.
You can spit poison.
You have a snake-like lower body.


Message History

Press: ? - help, Shift-Dir - straight line, f - ball python
Aim: a ball python (100% to hit)
The magic dart hits the ball python.
You kill the ball python!
Unknown command.
You start resting.
You have got your breath back.
You start resting.
Magic restored.
Found a mace.
Found an escape hatch in the ceiling.
A goblin comes into view. It is wielding a +0 club.
Found a scroll labelled EKETEY PUCWUPS.
Casting: Magic Dart (safe; 1% risk of failure)
Confirm with . or Enter, or press ? or * to list all spells.
Aiming: Magic Dart (safe; 1% risk of failure)
Press: ? - help, Shift-Dir - straight line, f - goblin
Aim: a goblin, wielding a +0 club (100% to hit)
The magic dart hits the goblin.
You kill the goblin!
You start resting.
Magic restored.
An endoplasm comes into view.
Aiming: Spit Poison (2% risk of failure)
Press: ? - help, Shift-Dir - straight line, f - endoplasm
Aim: an endoplasm (asleep, 100% to hit)
The splash of poison hits the endoplasm.
The endoplasm is moderately wounded.
The endoplasm quivers.
Unknown command.
Casting: Magic Dart (safe; 1% risk of failure)
Confirm with . or Enter, or press ? or * to list all spells.
Aiming: Searing Ray (safe; 3% risk of failure)
Press: ? - help, Shift-Dir - straight line, f/p - endoplasm
Aim: an endoplasm (moderately wounded, 98% to hit)
The searing ray hits the endoplasm!
You kill the endoplasm! (Press . to maintain the ray.)
You have reached level 4!
You feel stronger.
Are you sure you want to abandon this character and quit the game? (Confirm with "yes".)

#########.##).....
..........###...>. ##
..###....#####.....
..<..................
#.)..####.######.....
##.. #..# #.....
#?..### #.## #.....
##....###.# #.....
#....@....# #####.
#.)#..#..## #
#...#.#..#
#...#.....# ....
...##... ......##..
#... ..... ### ....
.... #...


There were no monsters in sight!

Vanquished Creatures
  2 adders (D:2)
  A dart slug (D:1)
  4 endoplasms
  A giant cockroach (D:1)
  2 goblins
  3 hobgoblins
  2 jackals (D:1)
  2 quokkas (D:1)
  3 ball pythons
  A bat (D:1)
  5 frilled lizards
  7 kobolds
  4 rats (D:1)
37 creatures vanquished.

Notes
Turn   | Place    | Note
-------+----------+-------------------------------------------
     0 | D:1      | Meow the Naga Conjurer began the quest for the Orb.
     0 | D:1      | Reached XP level 1. HP: 15/15 MP: 3/3
   159 | D:1      | Reached XP level 2. HP: 22/22 MP: 3/5
   162 | D:1      | Learned a level 2 spell: Searing Ray
   190 | D:1      | Found a faded altar of an unknown god.
   771 | D:1      | Reached XP level 3. HP: 28/28 MP: 3/6
  1217 | D:2      | Found a blossoming altar of Fedhas.
  1387 | D:2      | Reached XP level 4. HP: 36/36 MP: 5/8
  1387 | D:2      | Quit the game

Illustrated notes

Levels and vault maps discovered:
D:1:      dpeg_arrival_leaves_temple_mockup, layout_basic,
          ebering_ecumenical_altar_sacrificial
D:2:      layout_rooms, basic_altar, serial_corexii_hall,
          chequers_hall_statues_wall_a, chequers_hall_statues_corner_a,
          minivault_25

Skill      XL: |  1  2  3 |
---------------+----------+-----
Spellcasting   | 3 |  3.1
Dodging        | |  1.5
Stealth        | |  3.0
Conjurations   | |  4.7

Action                     |  1- 3 |  4- 6 || total
---------------------------+-------+-------++-------
   Cast: Magic Dart        |    32 |       ||    32
         Searing Ray       |     3 |       ||     3
Ability: Spit Poison       |    26 |       ||    26
  Dodge: Dodged            |     1 |       ||     1

Table legend: (Time is in decaauts)
 A = Elapsed time spent in this place.
 B = Non-inter-level travel time spent in this place.
 C = Inter-level travel time spent in this place.
 D = Time resting spent in this place.
 E = Time spent auto-exploring this place.
 F = Levels seen in this place.
 G = Mean time per level.
                   A        B        C        D        E       F      G
               +--------+--------+--------+--------+--------+-----+--------+
         Total |   1757 |   1743 |     14 |    370 |   1165 |   2 |  878.5 |
       Dungeon |   1757 |   1743 |     14 |    370 |   1165 |   2 |  878.5 |
               +--------+--------+--------+--------+--------+-----+--------+

Top non-repeatable levels by time:
     D:1: 1554 daAuts
     D:2: 203 daAuts
